 Dungeon Crawl Stone Soup version 0.30-b1-2-g02819fbbbe (webtiles) character file.

Game seed: 11134500676364625836

2032328 dxctxrx the Pyromancer (level 27, 186/186 HPs)
             Began as a Gargoyle Conjurer on June 9, 2023.
             Was the Champion of Vehumet.
             Escaped with the Orb
             ... and 4 runes on June 10, 2023!
             The game lasted 07:48:28 (91724 turns).

dxctxrx the Pyromancer (Gargoyle Conjurer)         Turns: 91724, Time: 07:48:28

Health: 186/186    AC: 38    Str: 18    XL:     27
Magic:  51/51      EV: 11    Int: 38    God:    Vehumet [******]
Gold:   5574       SH:  9    Dex: 14    Spells: 13/75 levels left

rFire   + + +        R - staff of fire {!a}
rCold   + . .        w - +3 buckler {rN+}
rNeg    + + +        Y - +2 robe of a Labyrinth {rElec Int+3 Dex+5}
rPois   ∞            (no helmet)
rElec   +            d - +4 dragonskin cloak
rCorr   .            T - +2 pair of gloves {Str+3}
SInv    .            U - +2 pair of boots "Ateot" {Rampage rF+ rN+ Regen+}
Will    +++++        I - amulet of Vitality {RegenMP++ Regen++}
Stlth   +            K - ring "Waow" {*Slow rF+ Str+9 Int+7 Stlth-}
HPRegen 2.91/turn    S - ring "Qupal" {rF+ rC+ Will+++ Str-4 Dex-3}
MPRegen 1.12/turn

%: slow self (1%), rampage
@: brilliant, flying, hasted, studying 2 skills, very quick
A: sickness immunity, AC +20, big wings, negative energy resistance 1,
electricity resistance, torment resistance 1, petrification resistance, agile 1,
dopey 1, sense surroundings 1, weak 1, wild magic 1
0: Orb of Zot
}: 4/15 runes: decaying, slimy, silver, gossamer
a: Renounce Religion


You escaped.
You worshipped Vehumet.
Vehumet was exalted by your worship.
You visited 11 branches of the dungeon, and saw 55 of its levels.
You also visited: Sewer, Ossuary and Ice Cave.

You collected 11458 gold pieces.
You spent 5884 gold pieces at shops.

Inventory:

Hand Weapons
 b - the +6 short sword of Purpose {speed, rCorr Int+5 Dex-2}
   (You found it on level 2 of the Spider Nest)

   Int:       It affects your intelligence (+5).
   Dex:       It affects your dexterity (-2).
   rCorr:     It protects you from acid and corrosion.
 F - the +7 great mace "Firestarter" {flame, immolate, rFlCloud rF++}
   (You found it on level 5 of the Pits of Slime)

   rFlCloud:  It grants immunity to clouds of flame.
   rF:        It greatly protects you from fire.
 X - the +9 sword of Zonguldrok {reap}
   (You found it on level 3 of the Crypt)
Missiles
 q - 4 throwing nets {=f}
Armour
 d - the +4 dragonskin cloak (worn)
   (You took it off Tiamat on level 1 of the Realm of Zot)

   Avatar's Aegis: It grants the wearer a chance to resist fire, cold, poison,
   electricity, acid, and negative energy.
 r - a scarf of resistance
 w - a +3 buckler of positive energy (worn)
 P - a +2 helmet of see invisible
 T - a +2 pair of gloves of strength (worn)
 U - the +2 pair of boots "Ateot" (worn) {Rampage rF+ rN+ Regen+}
   (You found it on level 1 of the Lair of Beasts)

   rF:        It protects you from fire.
   rN:        It protects you from negative energy.
   Regen:     It increases your rate of health regeneration.
   Rampage:   It bestows one free step when moving towards enemies.
 Y - the +2 robe of a Labyrinth (worn) {rElec Int+3 Dex+5}
   (You took it off a yaktaur on level 3 of the Vaults)

   Int:       It affects your intelligence (+3).
   Dex:       It affects your dexterity (+5).
   rElec:     It insulates you from electricity.
Magical Staves
 H - the staff of cold "Music" {rElec rC+ rN+ MP+9, !a}
   (You found it on level 3 of the Crypt)

   [staff of cold]

   Base accuracy: +5 Base damage: 5 Base attack delay: 1.2 This weapon's minimum
   attack delay (0.6) is reached at skill level 12.
   rC:        It protects you from cold.
   rElec:     It insulates you from electricity.
   rN:        It protects you from negative energy.
   MP:        It affects your magic capacity (+9).
   It falls into the 'Staves' category.
   It is a one-handed weapon.
 O - the staff of air "Orghat" {rElec rF+ rC+ MP+9 Str+4, !a}
   (You found it on level 3 of the Elven Halls)

   [staff of air]

   Base accuracy: +5 Base damage: 5 Base attack delay: 1.2 This weapon's minimum
   attack delay (0.6) is reached at skill level 12.
   Str:       It affects your strength (+4).
   rF:        It protects you from fire.
   rC:        It protects you from cold.
   rElec:     It insulates you from electricity.
   MP:        It affects your magic capacity (+9).
   It falls into the 'Staves' category.
   It is a one-handed weapon.
 R - a staff of fire (weapon) {!a}
Jewellery
 a - the ring of Nimuivia {rF+ Will- EV+5 Int+3}
   (You bought it in a shop on level 7 of the Dungeon)

   [ring of evasion]

   EV:        It affects your evasion (+5).
   Int:       It affects your intelligence (+3).
   rF:        It protects you from fire.
   Will:      It decreases your willpower.
 f - the ring "Doovigh" {rElec rN+ Will+}
   (You found it on level 3 of the Crypt)

   [ring of positive energy]

   rElec:     It insulates you from electricity.
   rN:        It protects you from negative energy.
   Will:      It increases your willpower.
 g - a ring of the Octopus King {rCorr HP+2 AC+2 EV+2 SH+2}
   (You found it on level 5 of the Vaults)

   [ring of resist corrosion]

   AC:        It affects your AC (+2).
   EV:        It affects your evasion (+2).
   HP:        It affects your health (+2).
   rCorr:     It protects you from acid and corrosion.
   SH:        It affects your SH (+2).
 t - the ring of Gaseil {rF- rC+ rN+ Str+2 Int+5}
   (You found it on level 3 of the Crypt)

   [ring of positive energy]

   Str:       It affects your strength (+2).
   Int:       It affects your intelligence (+5).
   rF:        It makes you vulnerable to fire.
   rC:        It protects you from cold.
   rN:        It protects you from negative energy.
 I - the amulet of Vitality (around neck) {RegenMP++ Regen++}
   (You bought it in a shop on level 4 of the Depths)

   [amulet of magic regeneration]

   It increases your rate of magic regeneration.
   Regen:     It increases your rate of health regeneration.
 K - the ring "Waow" (left hand) {*Slow rF+ Str+9 Int+7 Stlth-}
   (You acquired it on level 8 of the Dungeon)

   [ring of protection from fire]

   Str:       It affects your strength (+9).
   Int:       It affects your intelligence (+7).
   rF:        It protects you from fire.
   *Slow:     It may slow you when you take damage.
   Stlth:     It makes you less stealthy.
 S - the ring "Qupal" (right hand) {rF+ rC+ Will+++ Str-4 Dex-3}
   (You bought it in a shop on level 7 of the Dungeon)

   [ring of protection from cold]

   Str:       It affects your strength (-4).
   Dex:       It affects your dexterity (-3).
   rF:        It protects you from fire.
   rC:        It protects you from cold.
   Will:      It greatly increases your willpower.
 V - the ring "Vagaogasch" {rC+ rN+ Will+ Str-2 Stlth+}
   (You found it on level 3 of the Crypt)

   [ring of positive energy]

   Str:       It affects your strength (-2).
   rC:        It protects you from cold.
   rN:        It protects you from negative energy.
   Will:      It increases your willpower.
   Stlth:     It makes you more stealthy.
Wands
 l - a wand of digging (33)
 n - a wand of iceblast (47)
 J - a wand of mindburst (33)
 Z - a wand of quicksilver (24)
Scrolls
 c - 5 scrolls of blinking {!r}
 e - a scroll of enchant armour
 i - 6 scrolls of fog
 k - 11 scrolls of immolation {!r}
 s - 7 scrolls of fear
 v - 7 scrolls of amnesia
 y - 22 scrolls of teleportation
 z - 4 scrolls of poison
 E - 4 scrolls of summoning
Potions
 h - a potion of magic
 j - 3 potions of invisibility
 m - 2 potions of brilliance
 o - 18 potions of curing
 p - 2 potions of resistance
 u - 8 potions of mutation {!q}
 x - 11 potions of heal wounds
 B - a potion of haste
 C - 3 potions of might
 G - 12 potions of ambrosia
 N - 6 potions of cancellation
 Q - 9 potions of lignification {!q}
Miscellaneous
 A - a box of beasts
 L - a phantom mirror
 M - a phial of floods
 W - a lightning rod (4/4)


   Skills:
 + Level 22.5 Fighting
 - Level 10.0 Armour
 - Level 1.5 Dodging
 - Level 2.1 Stealth
 - Level 6.6 Shields
 + Level 24.5 Spellcasting
 + Level 23.3 Conjurations
 - Level 4.0 Hexes
 - Level 5.0 Translocations
 + Level 24.7 Fire Magic
 + Level 23.7 Earth Magic
 - Level 8.0 Poison Magic


You had 13 spell levels left.
You knew the following spells:

 Your Spells              Type           Power      Damage    Failure   Level
a - Magic Dart            Conj           100%       1d8       1%          1
b - Fireball              Conj/Fire      96%        3d35      1%          5
c - Iskenderun's Mystic   Conj/Tloc      100%       2d19      1%          4
d - Iron Shot             Conj/Erth      82%        9d15      1%          6
e - Ignition              Fire           97%        3d24      1%          8
f - Olgreb's Toxic Radia  Pois           100%       N/A       1%          4
g - Ignite Poison         Fire/Tmut/Pois 100%       N/A       1%          3
h - Shatter               Erth           82%        3d60*     1%          9
i - Passage of Golubria   Tloc           100%       N/A       1%          4
j - Fire Storm            Conj/Fire      96%        8d24      1%          9
l - Fulminant Prism       Conj/Hex       69%        3d28      1%          4
m - Lee's Rapid Deconstr  Erth           82%        3d37*     1%          5

Your spell library contained the following spells:

 Spells                   Type           Power      Damage    Failure   Level
 Chain Lightning          Conj/Air       66%        3d88      77%         9
 Apportation              Tloc           100%       N/A       1%          1
 Foxfire                  Conj/Fire      100%       2x1d9     1%          1
 Freeze                   Ice            100%       1d10      1%          1
 Kiss of Death            Conj/Necr      100%       2d13      1%          1
 Necrotise                Necr           100%       1d9       1%          1
 Sandblast                Erth           100%       2d20      1%          1
 Shock                    Conj/Air       100%       1d9       1%          1
 Sting                    Tmut/Pois      100%       1d8       1%          1
 Summon Small Mammal      Summ           100%       N/A       1%          1
 Blink                    Tloc           100%       N/A       1%          2
 Ensorcelled Hibernation  Hex/Ice        100%       N/A       1%          2
 Passwall                 Tmut/Erth      100%       N/A       1%          2
 Poisonous Vapours        Pois/Air       100%       N/A       1%          2
 Scorch                   Fire           100%       2d9       1%          2
 Searing Ray              Conj           100%       2d8       1%          2
 Static Discharge         Conj/Air       100%       2-7/arc   1%          2
 Wereblood                Tmut           74%        N/A       1%          2
 Confusing Touch          Hex            100%       N/A       1%          3
 Dazzling Flash           Conj/Hex       100%       N/A       1%          3
 Frozen Ramparts          Ice            100%       1d16      1%          3
 Gell's Gravitas          Tloc           100%       N/A       1%          3
 Hailstorm                Conj/Ice       100%       3d20      1%          3
 Inner Flame              Hex/Fire       100%       N/A       1%          3
 Mephitic Cloud           Conj/Pois/Air  100%       N/A       1%          3
 Portal Projectile        Hex/Tloc       100%       N/A       1%          3
 Stone Arrow              Conj/Erth      100%       3d13      1%          3
 Summon Guardian Golem    Hex/Summ       88%        N/A       1%          3
 Teleport Other           Tloc           100%       N/A       1%          3
 Tukima's Dance           Hex            100%       N/A       1%          3
 Vhi's Electric Charge    Tloc/Air       100%       N/A       1%          3
 Volatile Blastmotes      Fire/Tloc      100%       2d18      1%          3
 Animate Armour           Summ/Erth      100%       N/A       1%          4
 Flame Wave               Conj/Fire      100%       2d21      1%          4
 Leda's Liquefaction      Hex/Erth       69%        N/A       1%          4
 Manifold Assault         Tloc           100%       N/A       1%          4
 Petrify                  Tmut/Erth      100%       N/A       1%          4
 Arcjolt                  Conj/Air       66%        1d76      1%          5
 Borgnjor's Vile Clutch   Necr/Erth      66%        N/A       1%          5
 Freezing Cloud           Conj/Ice/Air   58%        6-21      1%          5
 Irradiate                Conj/Tmut      66%        3d33      1%          5
 Iskenderun's Battlesphe  Conj           100%       2d15      1%          5
 Conjure Ball Lightning   Conj/Air       66%        3x3d25    1%          6
 Plasma Beam              Fire/Air       80%        2x1d107   1%          6
 Starburst                Conj/Fire      96%        6d24      1%          6
 Orb of Destruction       Conj           82%        9d18      1%          7
 Spellforged Servitor     Conj/Summ      66%        N/A       1%          7
 Lehudib's Crystal Spear  Conj/Erth      82%        10d18     1%          8
 Airstrike                Air            37%        2d(6-22)  2%          4
 Cause Fear               Hex            50%        N/A       2%          4
 Call Canine Familiar     Summ           74%        N/A       3%          3
 Ozocubu's Armour         Ice            74%        N/A       3%          3
 Swiftness                Air            74%        N/A       3%          3
 Yara's Violent Unravell  Hex/Tmut       44%        3d17      3%          5
 Anguish                  Hex/Necr       44%        N/A       4%          4
 Alistair's Intoxication  Tmut/Pois      66%        N/A       5%          5
 Eringya's Noxious Bog    Tmut/Pois      50%        N/A       7%          6
 Dispel Undead            Necr           74%        3d25      9%          4
 Summon Lightning Spire   Summ/Air       74%        N/A       9%          4
 Summon Forest            Summ/Tloc      45%        N/A       9%          5
 Metabolic Englaciation   Hex/Ice        44%        N/A       11%         5
 Silence                  Hex/Air        44%        N/A       11%         5
 Summon Mana Viper        Hex/Summ       88%        N/A       11%         5
 Dispersal                Tloc           52%        N/A       16%         6
 Agony                    Necr           74%        N/A       22%         5
 Blade Hands              Tmut           37%        N/A       22%         5
 Death Channel            Necr           37%        N/A       73%         6
 Simulacrum               Ice/Necr       37%        N/A       73%         6
 Summon Cactus Giant      Summ           37%        N/A       73%         6
 Enfeeble                 Hex            50%        N/A       75%         7
 Ozocubu's Refrigeration  Ice            37%        4d15      77%         7
 Malign Gateway           Summ/Tloc      45%        N/A       90%         7
 Dragon Form              Tmut           37%        N/A       99%         7
 Storm Form               Tmut/Air       37%        N/A       99%         7
 Summon Hydra             Summ           37%        N/A       99%         7
 Disjunction              Tloc           52%        N/A       99%         8
 Discord                  Hex            50%        N/A       100%        8
 Maxwell's Capacitive Co  Air            37%        ∞         100%        8
 Summon Horrible Things   Summ           37%        N/A       100%        8
 Dragon's Call            Summ           37%        N/A       100%        9
 Cigotuvi's Dreadful Rot  Necr/Pois/Air  Unusable   N/A       N/A         2
 Sublimation of Blood     Necr           Unusable   N/A       N/A         2
 Statue Form              Tmut/Erth      Unusable   N/A       N/A         6

Dungeon Overview and Level Annotations

Branches:
Dungeon (15/15)            Temple (0/1) D:7            Lair (5/5) D:10
  Swamp (4/4) Lair:2       Spider (4/4) Lair:3        Slime (5/5) Lair:5
    Orc (2/2) D:12            Elf (3/3) Orc:2        Vaults (5/5) D:13
  Crypt (3/3) Vaults:3       Tomb (0/3) Crypt:3      Depths (4/4) D:15
    Zot (5/5) Depths:4      Sewer (visited)         Ossuary (visited)
  IceCv (visited)

Altars:
Dithmenos
Gozag
Kikubaaqudgha
Makhleb
Okawaru
Sif Muna
Uskayaw
Vehumet
Yredelemnul
The Shining One

Shops:
D:5 [((   D:7 =*   D:8 *   D:9 :   D:14 *   Orc:2 ???*?   Elf:1 ?   Elf:2 ?
Vaults:3 [   Zot:4 *   Depths:4 =::

Portals:
Hell: Depths:1 Depths:2 Depths:3 Depths:4
Abyss: Depths:3
Pandemonium: Depths:2 Depths:3 Depths:4
Ziggurat: Depths:3
Trove: D:14 (give 7 scrolls of fog)

Annotations:
Elf:2 2 runed translucent doors
Zot:3 3 runed translucent doors, Mikey69's ghost, legendary DsBe
Zot:4 3 runed translucent doors, exclusion: obsidian statue, Begrat's ghost, legendary TrBe


Innate Abilities, Weirdness & Mutations

You are immune to sickness and miasma.
Your stone body is resilient. (AC +20)
You are immune to poison.
Your large and strong wings let you fly.
You resist negative energy. (rN+)
You are resistant to electric shocks. (rElec)
You are resistant to unholy torment.
You are immune to petrification.
You are agile. (Dex +4, Str/Int -1)
You are dopey. (Int -2)
You passively map a small area around you.
You are weak. (Str -2)
Your spells are a little harder to cast, but a little more powerful.


Message History

The cherub partially resists.
The cherub is heavily wounded.
The great blast of fire engulfs the seraph!!!
The seraph partially resists.
The seraph is moderately wounded.
The cherub is engulfed in blazing flames.
The cherub unwields a +1 falchion of flaming.
It stops flaming.
The cherub wields a +0 longbow.
The cherub shoots an arrow.
The arrow hits your fire vortex!
Casting: Fire Storm (dangerous; 1% risk of failure)
Confirm with . or Enter, or press ? or * to list all spells.
Aiming: Fire Storm (dangerous; 1% risk of failure)
Press: ? - help, Dir - move target, f - fire vortex
Aim: a fire vortex (flame, friendly, haloed)
You feel a strong surge of power!
A raging storm of fire appears!
The great blast of fire engulfs the cherub!!!
The cherub partially resists.
The cherub is almost dead.
The great blast of fire engulfs the seraph!!!
The seraph partially resists.
The seraph is almost dead.
You kill the seraph!
Vehumet accepts your kill.
You feel your power returning.
Casting: Fire Storm (dangerous; 1% risk of failure)
Confirm with . or Enter, or press ? or * to list all spells.
Aiming: Fire Storm (dangerous; 1% risk of failure)
Press: ? - help, Dir - move target, f - cherub, p - fire vortex
Aim: a cherub, wielding a +0 longbow and wearing a +0 robe (flame, almost dead, sheltered from injuries, haloed)
You feel a strong surge of power!
A raging storm of fire appears!
The great blast of fire engulfs the cherub!!!!
The cherub partially resists.
You kill the cherub!
Vehumet accepts your kill.
You feel your power returning. Vehumet accepts your kill.
You feel your power returning.
You feel a bit more experienced.
There is an open gate here.
There is a staircase leading out of the dungeon here.
You have escaped!

.....# ##..v..####.######
# .###.# #...#.)v# #.# #
..##.# ##...#..v###.# #
#.##.#### #...###v..##.##
........# ##...# #v..##..#
........# #...## ##...##.#
........###...#####...##.#
........##.............#.#
........##......@......#.#
........################.#
.................# #..#
........###.####.# ####.##
#######.....####.###....#
#............#.####
#.....)......#.#
#####..........#
#........###


There were no monsters in sight!

Vanquished Creatures
  the Royal Jelly (Slime:5)
  2 seraphim
  5 dread liches
  8 orbs of fire
  3 ancient liches
  Tiamat (Zot:1)
  Mara (Vaults:5)
  A juggernaut (Depths:3)
  A pandemonium lord (D:14)
  Boris (Vaults:2)
  Josephina (Zot:1)
  Bai Suzhen (Swamp:4)
  3 Killer Klowns
  Frederick (Crypt:3)
  2 curse toes
  3 caustic shrikes (Depths:3)
  7 golden dragons
  A profane servitor (Crypt:3)
  3 Tzitzimimeh
  A bone dragon (Zot:1)
  3 electric golems
  15 tentacled monstrosities
  A walking crystal tome (Depths:3)
  24 Orb Guardians (Zot:5)
  3 liches
  Mlioglotl (Spider:2)
  7 quicksilver dragons
  A walking divine tome (Depths:2)
  4 titans
  4 deep elf master archers (Elf:3)
  6 ancient champions
  A sphinx (shapeshifter) (Depths:3)
  2 Executioners
  16 acid blobs
  6 death cobs
  2 deep elf blademasters (Elf:3)
  7 sphinxes
  14 shadow dragons
  13 storm dragons
  5 tengu reavers
  Kirke (Lair:3)
  7 draconian monks
  2 revenants (Crypt:3)
  Donald (Swamp:3)
  Roxanne (Elf:3)
  11 fire giants
  15 frost giants
  17 azure jellies
  10 deep elf sorcerers
  2 fenstrider witches (Swamp:3)
  12 rockslimes
  A daeva (Depths:2)
  14 draconian knights
  2 iron dragons
  Aizul (Elf:2)
  21 vault wardens
  10 ghost moths
  6 emperor scorpions
  3 curse skulls
  2 angels
  8 draconian scorchers
  3 deep elf elementalists (Elf:3)
  10 draconian annihilators
  An orc warlord (Vaults:2)
  10 draconian stormcallers
  A reaper (Zot:1)
  2 war gargoyles
  7 ghouls
  3 broodmothers
  16 quicksilver oozes
  14 stone giants
  30 very ugly things
  4 spriggan defenders (Depths:3)
  9 ironbound thunderhulks
  22 ironbound preservers
  3 draconian shifters
  A juggernaut skeleton (Crypt:3)
  8 yellow draconians
  5 vampire knights
  7 deep elf annihilators
  Nessos (Orc:2)
  7 deep elf demonologists
  12 black draconians
  Azrael (Elf:2)
  2 eleionomae
  12 green draconians
  A lorocyproca (Depths:2)
  13 red draconians
  12 white draconians
  5 spark wasps
  12 dire elephants
  4 bunyips
  8 purple draconians
  3 deep elf death magi
  2 eidola
  2 merfolk javelineers (Depths:3)
  16 ettins
  2 crystal guardians
  12 fire dragons
  3 green deaths
  A shambling mangrove (Swamp:4)
  8 entropy weavers
  6 deep elf high priests
  9 jiangshi
  12 yaktaur captains
  6 great orbs of eyes
  2 mummy priests (Crypt:3)
  A merfolk impaler (Depths:3)
  4 rakshasas
  Fannar (D:10)
  6 ice dragons
  Erolcha (Orc:1)
  2 peacekeepers
  40 vault guards
  6 spriggan air magi
  16 hydras
  A fenstrider witch zombie (Crypt:3)
  2 catoblepae
  A jorogumo (Spider:1)
  11 ironbound frosthearts
  4 ogre magi
  12 centaur warriors
  2 ghost crabs (Swamp:4)
  An anaconda (shapeshifter) (Depths:2)
  The ghost of Sammaje the Cleaver, a novice MiBe of Trog (Lair:1)
  4 alligators
  2 death knights (Crypt:3)
  Erica (D:8)
  26 dancing weapons
  7 boulder beetles
  3 radroaches
  10 vampire magi
  3 hell hogs (D:2)
  A two-headed ogre (shapeshifter) (Vaults:5)
  The ghost of Wuochyse the Thaumaturge, a journeyman DEHW of Sif Muna (Lair:1)
  4 deep troll shamans
  10 two-headed ogres
  6 death yaks (Lair:5)
  3 spriggan berserkers
  5 tengu warriors
  8 deep troll earth magi
  7 orc high priests
  A sun demon (Depths:4)
  5 soul eaters
  A thrashing horror (Swamp:4)
  Sonja (Lair:2)
  4 hell knights
  24 deep elf knights
  2 shadow wraiths
  4 pharaoh ants
  2 iron trolls
  2 skysharks
  A death drake (Swamp:2)
  A goliath frog (Swamp:2)
  A spark wasp zombie (Crypt:1)
  A cherub (D:1)
  2 sixfirhies
  26 skeletal warriors
  3 glowing orange brains
  A sun moth (Spider:2)
  71 deep trolls
  5 orb spiders
  3 shadow demons
  A flayed ghost (Crypt:3)
  3 orange crystal statues
  2 spriggan druids
  2 steelbarb worms
  25 ironbound convokers
  A lindwurm (shapeshifter) (D:14)
  7 necromancers
  A bunyip skeleton (Crypt:2)
  4 spectral hydras (Swamp:2)
  An iron giant skeleton (Crypt:2)
  15 lindwurms
  Pikel (D:7)
  13 deep elf archers
  15 phantasmal warriors
  10 wizards
  6 orc knights
  27 deep elf pyromancers
  6 swamp dragons
  12 bog bodies
  A tengu zombie (Depths:1)
  58 ugly things
  An oklob plant (D:10)
  5 wolf spider zombies (Spider:1)
  8 manticores
  27 cyclopes
  31 deep elf zephyrmancers
  A frost giant zombie (Depths:1)
  2 will-o-the-wisps
  6 shining eyes
  6 goliath frog zombies (Swamp:2)
  20 wolf spiders
  A manticore (shapeshifter) (Vaults:5)
  A mana viper (shapeshifter) (D:14)
  34 moths of wrath
  4 orc sorcerers
  A dire elephant zombie (Crypt:3)
  An elephant (shapeshifter) (Vaults:5)
  A frost giant skeleton (Depths:1)
  30 elephants
  20 vault sentinels
  A toenail golem (Zot:2)
  7 eyes of devastation
  3 molten gargoyles (Lair:5)
  4 torpor snails
  5 smoke demons (Depths:4)
  6 black mambas
  5 gargoyles
  A storm dragon simulacrum (Zot:1)
  A centaur zombie (Crypt:2)
  8 demonic crawlers
  9 cane toads
  A death yak zombie (Crypt:2)
  An unseen horror (shapeshifter) (Depths:3)
  A hellion (Depths:4)
  A cane toad (shapeshifter) (Elf:3)
  A shock serpent skeleton (Crypt:3)
  A dire elephant skeleton (Crypt:2)
  5 swamp worm zombies (Swamp:2)
  5 orange demons
  4 kobold demonologists
  4 unseen horrors (D:12)
  3 rime drakes
  An efreet (D:12)
  28 yaktaurs
  A mana viper zombie (Crypt:3)
  A centaur skeleton (Crypt:3)
  19 komodo dragons
  7 redback zombies (Spider:1)
  A komodo dragon (shapeshifter) (Vaults:5)
  2 tengu conjurers (Depths:3)
  2 yaktaurs (shapeshifter)
  4 ice devils
  4 freezing wraiths
  A tormentor (Zot:5)
  A harpy zombie (Crypt:3)
  12 guardian mummies
  An iron giant simulacrum (Crypt:3)
  6 meliai (Depths:3)
  4 red devils (D:15)
  A hydra zombie (Crypt:3)
  A polar bear (Lair:4)
  9 trolls
  29 tarantellas
  10 hornets
  8 tarantella zombies (Spider:1)
  23 blink frogs
  A death drake skeleton (Crypt:2)
  An ice dragon zombie (Crypt:2)
  9 culicivora zombies (Spider:1)
  7 tyrant leeches
  A harpy skeleton (Crypt:3)
  2 spectral swamp dragons (Swamp:2)
  2 draconian simulacra (Zot:1)
  2 alligator zombies (Swamp:2)
  2 shadows
  7 air elementals
  184 slime creatures
  Sigmund (D:3)
  A vampire (D:13)
  20 culicivoras
  A culicivora (shapeshifter) (D:12)
  6 spriggans
  12 wraiths
  3 wyverns
  A flying skull (Vaults:3)
  16 water elementals
  24 jumping spiders
  An ettin skeleton (Crypt:2)
  41 yaks
  8 basilisks
  6 hogs (Lair:3)
  Grum (D:8)
  2 ushabtiu (Crypt:3)
  6 fire elementals (Elf:2)
  A golden eye (shapeshifter) (D:12)
  13 golden eyes
  A steam dragon (shapeshifter) (Depths:3)
  4 steam dragons
  A tyrant leech zombie (Swamp:2)
  65 redbacks
  A white draconian simulacrum (Zot:1)
  10 vampire mosquitoes
  A neqoxec (Depths:2)
  Menkaure (D:4)
  A large abomination (Swamp:4)
  15 swamp worms
  A human zombie (Depths:1)
  4 acid dragons
  4 wargs
  14 water moccasins
  A skyshark zombie (Crypt:2)
  A glowing shapeshifter zombie (Crypt:1)
  6 hell hounds
  A water nymph zombie (Crypt:1)
  A swamp drake (Swamp:2)
  2 sky beasts
  27 orc warriors
  An ettin simulacrum (Crypt:3)
  5 great orb of eyes simulacra (IceCv)
  5 black bears
  24 wolves
  13 ogres
  An elephant skeleton (Crypt:1)
  6 boggarts
  13 centaurs
  3 phantoms
  2 lemures (D:7)
  A salamander zombie (Crypt:1)
  2 slime creature simulacra (IceCv)
  3 kobold brigands
  8 bullfrogs
  3 necrophages (Crypt:2)
  4 glowing shapeshifter simulacra (IceCv)
  A salamander skeleton (Crypt:3)
  An earth elemental (Elf:3)
  5 gnoll sergeants
  3 scorpions (Lair:3)
  4 spriggan zombies
  5 wights (D:8)
  A troll zombie (Swamp:2)
  A wolf zombie (Crypt:2)
  6 howler monkeys
  A spriggan skeleton (Crypt:1)
  5 lava snakes (Lair:5)
  A bullfrog zombie (D:6)
  15 jellies
  31 orc priests
  6 hounds
  3 gnoll boudas
  Jessica (D:3)
  4 human skeletons (Crypt:1)
  33 orc wizards
  An iguana (D:6)
  7 hell rats (Lair:5)
  An ice beast zombie (Crypt:2)
  2 naga zombies
  A sky beast zombie (Crypt:3)
  2 mummies (Crypt:1)
  A howler monkey zombie (D:6)
  31 gnolls
  6 adders
  2 river rats (Sewer)
  2 white imps
  An ufetubus (D:6)
  2 adder zombies (Ossuary)
  5 worms
  5 dart slugs
  69 orcs
  A bat zombie (Crypt:2)
  8 endoplasms
  6 giant cockroaches
  12 goblins
  9 hobgoblins
  6 jackals
  6 quokkas
  7 ball pythons
  11 bats
  11 frilled lizards
  A goblin zombie (Crypt:2)
  A hobgoblin skeleton (Ossuary)
  2 hobgoblin zombies (Ossuary)
  14 kobolds
  2 kobold zombies (Ossuary)
  3 orc skeletons
  An orc zombie (Ossuary)
  24 rats
  A butterfly (D:7)
  2 fire vortices
2728 creatures vanquished.

Vanquished Creatures (collateral kills)
  A Killer Klown (Zot:5)
  A lich (Depths:2)
  2 tentacled monstrosities
  An Orb Guardian (Zot:5)
  3 acid blobs
  3 ancient champions
  A shadow dragon (Depths:3)
  3 storm dragons
  2 frost giants
  An iron dragon (Depths:3)
  A draconian annihilator (Zot:2)
  3 ghouls
  2 green draconians
  3 white draconians
  A yellow draconian (Zot:1)
  2 black draconians (Zot:3)
  A jiangshi (Crypt:3)
  A deep elf high priest (Elf:3)
  A great orb of eyes (Slime:5)
  An ice dragon (Depths:3)
  A dancing weapon (Elf:2)
  A hell knight (Depths:4)
  A deep elf knight (Elf:2)
  3 skeletal warriors
  A spark wasp zombie (Depths:1)
  A bunyip skeleton (Crypt:2)
  A spriggan simulacrum (Crypt:3)
  A phantasmal warrior (Crypt:3)
  A deep elf pyromancer (Elf:2)
  A moth of wrath (Zot:4)
  A pale draconian skeleton (Crypt:1)
  A red draconian skeleton (Crypt:1)
  8 slime creatures
  A water elemental (Depths:3)
  An ushabti (Crypt:3)
  A white draconian simulacrum (Zot:1)
  A cane toad skeleton (Crypt:3)
  A hobgoblin skeleton (Crypt:1)
61 creatures vanquished.

Vanquished Creatures (others)
  A storm dragon (Zot:5)
  A deep troll (Depths:2)
  A deep elf pyromancer (D:12)
  A basilisk (D:12)
  5 bushes
  692 fire vortices
  182 fulminant prisms
  70 fungi
  100 plants
  24 withered plants
1077 creatures vanquished.

Grand Total: 3866 creatures vanquished

Notes
Turn   | Place    | Note
-------+----------+-------------------------------------------
     0 | D:1      | dxctxrx the Gargoyle Conjurer began the quest for the Orb.
     0 | D:1      | Reached XP level 1. HP: 10/10 MP: 3/3
    92 | D:1      | Found a faded altar of an unknown god.
   186 | D:1      | Reached XP level 2. HP: 16/16 MP: 1/5
   232 | D:1      | Learned a level 2 spell: Searing Ray
   291 | D:1      | Reached skill level 1 in Fighting
   814 | D:1      | Reached XP level 3. HP: 20/20 MP: 4/6
  1637 | D:2      | Noticed a black bear
  1761 | D:2      | Reached skill level 5 in Conjurations
  1761 | D:2      | Reached XP level 4. HP: 26/26 MP: 4/8
  2060 | D:3      | Noticed Jessica
  2070 | D:3      | Killed Jessica
  2656 | D:3      | Reached XP level 5. HP: 31/31 MP: 9/9
  2663 | D:3      | Learned a level 4 spell: Iskenderun's Mystic Blast
  2882 | D:3      | Noticed Sigmund
  2955 | D:3      | Killed Sigmund
  2956 | D:3      | Reached skill level 1 in Translocations
  2956 | D:3      | Reached XP level 6. HP: 30/37 MP: 3/11
  3241 | D:4      | Noticed Menkaure
  3360 | D:4      | Found a sand-covered staircase.
  3432 | Ossuary  | Entered an ossuary
  3654 | Ossuary  | Noticed a flying skull
  3654 | Ossuary  | Noticed a wraith
  3661 | Ossuary  | Noticed a flying skull
  3688 | Ossuary  | Noticed a flying skull
  3696 | Ossuary  | Noticed a wraith
  3707 | Ossuary  | Killed a wraith
  3708 | Ossuary  | Reached XP level 7. HP: 32/43 MP: 7/13
  3942 | D:4      | Killed Menkaure
  4870 | D:5      | Entered Level 5 of the Dungeon
  4885 | D:5      | Reached XP level 8. HP: 48/48 MP: 9/14
  4900 | D:5      | Reached skill level 5 in Fighting
  5262 | D:5      | Reached skill level 5 in Spellcasting
  5525 | D:5      | Found Rejost's Weapon Emporium.
  5542 | D:5      | Found Jyocs's Armour Emporium.
  5749 | D:5      | Found Giliajev's Antique Weapon Shoppe.
  6878 | D:6      | Found an iron altar of Okawaru.
  7064 | D:6      | Found a glowing drain.
  7085 | D:6      | Reached XP level 9. HP: 53/56 MP: 12/17
  7135 | Sewer    | Entered a sewer
  8128 | D:6      | Learned a level 4 spell: Fulminant Prism
  8168 | D:6      | Identified the +6 dagger of Distraction {elec, rElec Will+}
  8239 | D:6      | Found a shadowy altar of Dithmenos.
  8239 | D:6      | Found a radiant altar of Vehumet.
  8246 | D:6      | Found a burning altar of Makhleb.
  8249 | D:6      | Became a worshipper of Vehumet
  8641 | D:7      | Reached skill level 1 in Hexes
  8666 | D:7      | Found Enuujyext's Mayhem Merchandise.
  8704 | D:7      | Found a glowing golden altar of the Shining One.
  8704 | D:7      | Found a hide-covered altar of Uskayaw.
  8732 | D:7      | Noticed Pikel
  9167 | D:7      | Killed Pikel
  9275 | D:7      | Found a staircase to the Ecumenical Temple.
  9281 | D:7      | Found Arrewiaw's One-of-a-Kind Rings.
  9573 | D:8      | Reached XP level 10. HP: 47/64 MP: 18/20
  9673 | D:8      | Found Jillutub's Assorted Antiques.
  9741 | D:8      | Reached * piety under Vehumet
  9741 | D:8      | Offered knowledge of Foxfire by Vehumet.
 10148 | D:8      | Reached skill level 10 in Conjurations
 10293 | D:8      | Noticed Grum
 10299 | D:8      | Noticed Erica
 10439 | D:8      | Killed Erica
 10545 | D:8      | Killed Grum
 10677 | D:8      | Offered knowledge of Scorch by Vehumet.
 10733 | D:8      | Learned a level 2 spell: Scorch
 11414 | D:9      | Reached skill level 1 in Fire Magic
 11459 | D:9      | Reached ** piety under Vehumet
 11769 | D:9      | Found Ydghelafe's Book Boutique.
 12063 | D:10     | Entered Level 10 of the Dungeon
 12204 | D:10     | Noticed a kobold demonologist
 12215 | D:10     | Killed a kobold demonologist
 12340 | D:10     | Reached XP level 11. HP: 55/68 MP: 12/24
 12503 | D:10     | Noticed Fannar
 12752 | D:10     | Noticed an oklob plant
 13052 | D:10     | Found a staircase to the Lair.
 13390 | D:10     | Killed an oklob plant
 13616 | D:7      | Bought the Unrestrained Analects for 552 gold pieces
 13622 | D:7      | Learned a level 4 spell: Olgreb's Toxic Radiance
 14213 | D:11     | Reached skill level 1 in Armour
 14215 | D:11     | Reached skill level 1 in Poison Magic
 14226 | D:11     | Noticed a cyan ugly thing
 14588 | D:11     | Identified the +0 leather armour "Qaamierr" {Will+}
 14713 | D:11     | Killed a cyan ugly thing
 14837 | Lair:1   | Entered Level 1 of the Lair of Beasts
 14938 | Lair:1   | Reached skill level 10 in Spellcasting
 15163 | Lair:1   | Found a runed translucent gate.
 15239 | Lair:1   | Found a runed translucent gate.
 15242 | Lair:1   | Found a runed translucent gate.
 15244 | Lair:1   | Noticed Sammaje's ghost (novice MiBe)
 15244 | Lair:1   | Noticed Wuochyse's ghost (journeyman DEHW)
 16166 | Lair:2   | Found a staircase to the Swamp.
 16170 | Lair:2   | Noticed Sonja
 16293 | Lair:2   | Killed Sonja
 16308 | Lair:2   | Reached XP level 12. HP: 76/76 MP: 12/26
 16372 | Lair:2   | Offered knowledge of Volatile Blastmotes by Vehumet.
 16524 | Lair:2   | Reached skill level 5 in Armour
 17030 | Lair:2   | Reached skill level 5 in Poison Magic
 17226 | Lair:2   | Reached skill level 10 in Fighting
 18059 | Lair:3   | Noticed a six-headed hydra
 18070 | Lair:3   | Killed a six-headed hydra
 18247 | Lair:3   | Reached *** piety under Vehumet
 18340 | Lair:3   | Noticed Kirke
 18646 | Lair:3   | Noticed a skyshark
 18659 | Lair:3   | Killed a skyshark
 19075 | Lair:3   | Found a hole to the Spider Nest.
 19081 | Lair:3   | Noticed a boulder beetle
 19295 | Lair:3   | Offered knowledge of Flame Wave by Vehumet.
 19465 | Lair:3   | Learned a level 3 spell: Stone Arrow
 19537 | Lair:3   | Noticed a sphinx
 19537 | Lair:3   | Killed Kirke
 19636 | Lair:3   | Killed a boulder beetle
 19772 | Lair:3   | Reached XP level 13. HP: 82/82 MP: 18/29
 20820 | Lair:3   | Learned a level 6 spell: Iron Shot
 20986 | Lair:4   | Reached **** piety under Vehumet
 21130 | Lair:4   | Reached skill level 1 in Earth Magic
 21201 | Lair:4   | Offered knowledge of Frozen Ramparts by Vehumet.
 22023 | Lair:5   | Entered Level 5 of the Lair of Beasts
 23721 | Lair:5   | Identified the +7 hand axe of Caetiho {protect, Str+2 SInv
                  | Stlth+}
 24177 | Lair:5   | Gained mutation: Your large and strong wings let you fly.
                  | [Gargoyle growth]
 24177 | Lair:5   | Reached XP level 14. HP: 78/90 MP: 10/31
 24312 | Lair:5   | Reached skill level 5 in Earth Magic
 24336 | Lair:5   | Reached ***** piety under Vehumet
 24411 | Lair:4   | Offered knowledge of Starburst by Vehumet.
 24502 | Lair:4   | Learned a level 6 spell: Starburst
 24506 | Lair:4   | Learned a level 3 spell: Ozocubu's Armour
 25700 | Lair:5   | Found a large runed translucent door.
 25701 | Lair:5   | Found a large runed translucent door.
 26498 | Lair:5   | Reached skill level 5 in Fire Magic
 26508 | Lair:5   | Offered knowledge of Sticky Flame by Vehumet.
 27123 | Lair:5   | Found a staircase to the Slime Pits.
 27745 | D:8      | Bought a scroll labelled ERUQI PEPNIP for 25 gold pieces
 27745 | D:8      | Bought a scroll of identify for 50 gold pieces
 27745 | D:8      | Bought a scroll of identify for 50 gold pieces
 27745 | D:8      | Bought 2 scrolls of identify for 100 gold pieces
 27747 | D:8      | Acquired the ring "Waow" {*Slow rF+ Str+9 Int+7 Stlth-}
 28654 | D:12     | Reached XP level 15. HP: 96/96 MP: 16/33
 29882 | D:12     | Offered knowledge of Plasma Beam by Vehumet.
 29883 | D:12     | Identified the +5 trident of Dissolution {venom, rCorr
                  | Dex+3}
 30349 | D:12     | Reached skill level 15 in Spellcasting
 30748 | D:12     | Found a staircase to the Orcish Mines.
 31027 | D:12     | Reached skill level 10 in Earth Magic
 31744 | D:7      | Bought the ring "Qupal" {rF+ rC+ Will+++ Str-4 Dex-3} for
                  | 784 gold pieces
 31804 | D:7      | Learned a level 4 spell: Passage of Golubria
 32396 | D:13     | You are sucked into a shaft and drop 2 floors!
 32396 | D:15     | Entered Level 15 of the Dungeon
 33074 | D:13     | Found a gate to the Vaults.
 33397 | D:14     | Reached skill level 5 in Translocations
 33744 | D:14     | Found a runed translucent door.
 33755 | D:14     | Found Awantod's Assorted Antiques.
 34024 | D:14     | Reached skill level 10 in Fire Magic
 34306 | D:14     | Found a portal to a secret trove of treasure.
 34365 | D:14     | Offered knowledge of Ozocubu's Refrigeration by Vehumet.
 35226 | D:15     | Reached XP level 16. HP: 91/101 MP: 2/35
 35808 | D:15     | Found a staircase to the Depths.
 37083 | Orc:1    | Entered Level 1 of the Orcish Mines
 37709 | Orc:1    | Reached skill level 1 in Shields
 37999 | Orc:2    | Entered Level 2 of the Orcish Mines
 38195 | Orc:1    | You are sucked into a shaft and drop 1 floor!
 38195 | Orc:2    | Found Oras's Magic Scroll Shoppe.
 38195 | Orc:2    | Found Ycucum's Magic Scroll Emporium.
 38195 | Orc:2    | Found Soexadap's Magic Scroll Shoppe.
 38436 | Orc:2    | Offered knowledge of Lee's Rapid Deconstruction by Vehumet.
 38480 | Orc:2    | Learned a level 5 spell: Lee's Rapid Deconstruction
 38538 | Orc:2    | Noticed Nessos
 38577 | Orc:2    | Found a staircase to the Elven Halls.
 39228 | Orc:1    | Noticed Erolcha
 39233 | Orc:1    | Killed Erolcha
 39804 | Orc:1    | Identified the +5 scimitar of the Gnashing Big Fish {heavy,
                  | rElec rC+ Str+5}
 40033 | Orc:1    | Identified the +6 war axe "Gargoyle's Curse" {drain, *Noise
                  | rF+ rCorr Str+3}
 40175 | Orc:1    | Got the Verses on Scorched Nausea
 40178 | Orc:1    | Identified the +1 flail of the Keeping Spider {heavy, *Rage
                  | rC+++ Int+2 Dex+2}
 40187 | Orc:1    | Learned a level 3 spell: Ignite Poison
 40197 | Orc:1    | Identified the +2 rapier "Duaps" {pain, Int+4}
 40486 | Orc:2    | Found Gauwyn's Magic Scroll Shop.
 40538 | Orc:2    | Offered knowledge of Freezing Cloud by Vehumet.
 40715 | Orc:2    | Killed Nessos
 40846 | Orc:2    | Found Wuoneps's General Store.
 40881 | Orc:2    | Bought a scroll of fear for 52 gold pieces
 41039 | Orc:2    | Bought a scroll of teleportation for 42 gold pieces
 41039 | Orc:2    | Bought 3 scrolls of teleportation for 126 gold pieces
 41040 | Orc:2    | Bought a scroll of blinking for 105 gold pieces
 41040 | Orc:2    | Bought a scroll of teleportation for 42 gold pieces
 41041 | Orc:2    | Bought a scroll of blinking for 105 gold pieces
 41081 | Orc:2    | Bought a scroll of teleportation for 45 gold pieces
 41081 | Orc:2    | Bought a scroll of fear for 60 gold pieces
 41081 | Orc:2    | Bought a scroll of blinking for 112 gold pieces
 41081 | Orc:2    | Bought a scroll of teleportation for 45 gold pieces
 41270 | Spider:1 | Entered Level 1 of the Spider Nest
 41590 | Spider:1 | Reached skill level 5 in Shields
 41737 | Spider:1 | Reached XP level 17. HP: 97/109 MP: 24/36
 42326 | Spider:1 | Identified the +8 sling of Midsummer {flame, rN+ Str-3
                  | Stlth+}
 43753 | Spider:2 | Noticed Mlioglotl
 43916 | Spider:2 | Killed Mlioglotl
 44489 | Spider:2 | Reached skill level 15 in Fighting
 44864 | Spider:2 | Reached ****** piety under Vehumet
 45710 | Spider:2 | Offered knowledge of Maxwell's Capacitive Coupling by
                  | Vehumet.
 46042 | Spider:2 | Identified the +6 short sword of Purpose {speed, rCorr
                  | Int+5 Dex-2}
 46447 | Spider:3 | Found a frozen archway.
 46511 | IceCv    | Entered an ice cave
 47346 | IceCv    | Reached XP level 18. HP: 119/119 MP: 26/39
 48030 | IceCv    | Found a viscous altar of Jiyva.
 48049 | IceCv    | Got the Monograph on Hypothermia
 48809 | Spider:4 | Entered Level 4 of the Spider Nest
 48876 | Spider:3 | Offered knowledge of Fire Storm by Vehumet.
 48876 | Spider:3 | Offered knowledge of Shatter by Vehumet.
 48876 | Spider:3 | Offered knowledge of Chain Lightning by Vehumet.
 51004 | Spider:4 | Got a gossamer rune of Zot
 51287 | Lair:3   | Learned a level 8 spell: Ignition
 51340 | Swamp:1  | Entered Level 1 of the Swamp
 52566 | Swamp:1  | Learned a level 5 spell: Fireball
 54179 | Swamp:2  | Identified the ring of Setannom {rN+ Str+2 Stlth+}
 54389 | Swamp:3  | Reached XP level 19. HP: 124/124 MP: 28/40
 54389 | Swamp:3  | Noticed Donald
 54621 | Swamp:3  | Killed Donald
 54885 | Swamp:3  | Identified the ring of Abuef {*Slow rN+ Str+6 Dex+5}
 55120 | Swamp:4  | Entered Level 4 of the Swamp
 55123 | Swamp:4  | Reached skill level 15 in Fire Magic
 55490 | Swamp:4  | Noticed Bai Suzhen
 56440 | Swamp:4  | Killed Bai Suzhen
 56987 | Swamp:4  | Noticed a tentacled monstrosity
 56991 | Swamp:4  | Killed a tentacled monstrosity
 57965 | Swamp:4  | Got a decaying rune of Zot
 58603 | D:10     | Found a staircase to the Lair.
 58650 | D:10     | Killed Fannar
 59356 | Lair:1   | Killed Wuochyse's ghost
 59357 | Lair:1   | Killed Sammaje's ghost
 59406 | Lair:1   | Identified the +2 pair of boots "Ateot" {Rampage rF+ rN+
                  | Regen+}
 59562 | Vaults:1 | Entered Level 1 of the Vaults
 60315 | Vaults:1 | Reached XP level 20. HP: 129/129 MP: 33/41
 61476 | Vaults:2 | Noticed Boris
 61927 | Vaults:2 | Killed Boris
 63214 | Vaults:3 | Reached XP level 21. HP: 113/134 MP: 29/43
 63376 | Vaults:3 | Reached skill level 15 in Conjurations
 63797 | Vaults:3 | Identified the +2 robe of a Labyrinth {rElec Int+3 Dex+5}
 63797 | Vaults:3 | Identified the ring "Deammil" {Drain +Blink rF+++ Str+6
                  | Dex-5 Stlth+}
 64091 | Vaults:3 | Found Duxtawuduy's Armour Emporium.
 65295 | Vaults:3 | Found a staircase to the Crypt.
 65337 | Vaults:3 | Identified the +2 pair of boots "Guma" {rC+}
 65692 | Vaults:4 | Acquired 1153 gold pieces
 65788 | Vaults:4 | Found a magical portal.
 66374 | Vaults:4 | Reached XP level 22. HP: 140/140 MP: 37/44
 66506 | Vaults:3 | Learned a level 9 spell: Fire Storm
 67852 | Elf:1    | Entered Level 1 of the Elven Halls
 68580 | Elf:1    | Identified the +0 flail of Perversion {drain, rCorr Dex+2}
 68581 | Elf:1    | Found Lyseanen's Magic Scroll Shoppe.
 68587 | Elf:1    | Bought a scroll of teleportation for 42 gold pieces
 68587 | Elf:1    | Bought a scroll of teleportation for 42 gold pieces
 68587 | Elf:1    | Bought a scroll of blinking for 105 gold pieces
 68587 | Elf:1    | Bought a scroll of amnesia for 56 gold pieces
 69266 | Elf:2    | Found a large runed translucent door.
 69266 | Elf:2    | Found a large runed translucent door.
 69405 | Elf:2    | Noticed Aizul
 69410 | Elf:2    | Killed Aizul
 70233 | Elf:2    | Found The Oracle's Delphic Readings.
 70237 | Elf:2    | Bought a scroll of teleportation for 36 gold pieces
 70237 | Elf:2    | Bought a scroll of amnesia for 48 gold pieces
 70392 | Elf:2    | Found a large runed translucent door.
 70392 | Elf:2    | Found a large runed translucent door.
 70512 | Elf:2    | Noticed Azrael
 70513 | Elf:2    | Killed Azrael
 70762 | Elf:2    | Reached skill level 15 in Earth Magic
 71024 | Elf:3    | Entered Level 3 of the Elven Halls
 71077 | Elf:3    | Paralysed by an air elemental for 1 turns
 71443 | Elf:3    | Noticed Roxanne
 71507 | Elf:3    | Killed Roxanne
 71954 | Elf:3    | Reached XP level 23. HP: 147/147 MP: 37/46
 71955 | Elf:3    | Identified the ring of Vaposm {Str+6 Int-2 SInv}
 72164 | Elf:3    | Identified the +1 triple crossbow of the Devouring Gods
                  | {penet, rC+}
 72164 | Elf:3    | Identified the +5 arbalest of the Turnip {penet, +Blink rF+
                  | rC+ Dex-4}
 72164 | Elf:3    | Identified the amulet of Plog {RegenMP Will+ Regen+}
 72326 | Elf:3    | Identified the +3 rapier of Wor Ken {freeze, Int+3}
 72326 | Elf:3    | Identified the +2 robe "Koudohyzxa" {*Slow +Blink rPois
                  | Int-2}
 72326 | Elf:3    | Identified the +2 buckler "Igraquh" {Will+}
 72731 | Elf:3    | Identified the staff of poison "Jebik" {rElec rPois}
 72756 | Elf:3    | Identified the staff of air "Orghat" {rElec rF+ rC+ MP+9
                  | Str+4}
 72759 | Elf:3    | Identified the staff of poison "Gealeina" {rPois rC+ rN+
                  | Will+ Int-4}
 73502 | Elf:3    | Acquired a staff of conjuration
 73710 | Depths:1 | Entered Level 1 of the Depths
 74812 | Depths:1 | Found a gateway to Hell.
 75474 | Depths:2 | Identified the +0 dagger of the Turnip {heavy, Int+2}
 75475 | Depths:2 | Identified the +7 executioner's axe of Kismet {flame,
                  | Str+4}
 75725 | Depths:2 | Found a one-way gate leading to the halls of Pandemonium.
 75976 | Depths:3 | Reached XP level 24. HP: 156/156 MP: 46/47
 76086 | Depths:3 | Noticed a juggernaut
 76088 | Depths:3 | Killed a juggernaut
 76379 | Depths:3 | Noticed a caustic shrike
 76492 | Depths:3 | Killed a caustic shrike
 76722 | Depths:3 | Noticed a caustic shrike
 76799 | Depths:3 | Identified the +7 mace of Hairy Guile {freeze, rC++}
 77043 | Depths:3 | Noticed a caustic shrike
 77045 | Depths:3 | a caustic shrike changed into a fire giant
 77087 | Depths:3 | Killed a caustic shrike
 77256 | Depths:3 | Noticed a caustic shrike
 77259 | Depths:3 | Killed a caustic shrike
 77406 | Depths:3 | Found a one-way gate to the infinite horrors of the Abyss.
 77481 | Depths:3 | Found a one-way gateway to a ziggurat.
 77904 | Depths:4 | Entered Level 4 of the Depths
 78123 | Depths:4 | Reached skill level 10 in Armour
 78540 | Depths:4 | Found a shimmering blue altar of Sif Muna.
 78819 | Depths:4 | Found Tiby's Jewellery Emporium.
 78820 | Depths:4 | Found Pikhlist's Book Boutique.
 78820 | Depths:4 | Found Gobac's Book Boutique.
 78833 | Depths:4 | Bought the amulet of Vitality {RegenMP++ Regen++} for 1500
                  | gold pieces
 78833 | Depths:4 | Found the amulet of Vitality {RegenMP++ Regen++}
 78950 | Depths:4 | Found a gate to the Realm of Zot.
 79405 | Slime:1  | Entered Level 1 of the Pits of Slime
 79459 | Slime:1  | Reached XP level 25. HP: 164/164 MP: 36/47
 79913 | Slime:5  | Entered Level 5 of the Pits of Slime
 80073 | Slime:5  | Noticed the Royal Jelly
 80324 | Slime:5  | Killed the Royal Jelly
 80485 | Slime:5  | Got a slimy rune of Zot
 80497 | Slime:5  | Found the +7 great mace "Firestarter" {flame, immolate,
                  | rFlCloud rF++}
 80498 | Slime:5  | Found the +10 morningstar "Eos" {elec, Halo rElec}
 80574 | Slime:5  | Identified the staff of poison "Mucehaoc" {rElec rPois rN++
                  | Will- Str+3}
 80589 | Slime:5  | Identified the +7 scimitar of Zac Cinn {heavy, Int+2}
 80600 | Slime:5  | Acquired 558 gold pieces
 81052 | Lair:5   | Learned a level 9 spell: Shatter
 81390 | Vaults:5 | Entered Level 5 of the Vaults
 81420 | Vaults:5 | Noticed a dread lich
 81425 | Vaults:5 | Killed a dread lich
 81430 | Vaults:5 | Reached XP level 26. HP: 148/172 MP: 48/48
 81430 | Vaults:5 | Noticed Mara
 81432 | Vaults:5 | Noticed a dread lich
 81434 | Vaults:5 | Noticed dxctxrx's illusion
 81435 | Vaults:5 | Killed an ancient lich
 81442 | Vaults:5 | Killed a dread lich
 81443 | Vaults:5 | Killed Mara
 81678 | Vaults:5 | Found the +4 consecrated labrys {holy, Valiant Fragile Fly
                  | SInv}
 81734 | Vaults:5 | Identified the staff of poison "Ruryimox" {rPois Str+7}
 81858 | Vaults:5 | Got a silver rune of Zot
 82220 | Vaults:5 | Found the ring of the Octopus King
 82223 | Vaults:5 | Identified a ring of the Octopus King {rCorr HP+2 AC+2 EV+2
                  | SH+2}
 82228 | Vaults:5 | Identified the +5 spear of Watchfulness {heavy, Contam
                  | rCorr Str+3 SInv}
 82259 | Vaults:5 | Identified the ring "Nodwiucw" {+Blink Will+}
 82277 | Vaults:5 | Identified the +0 helmet of Melancholy {Rampage +Inv Will+}
 82417 | Crypt:1  | Entered Level 1 of the Crypt
 84072 | Crypt:3  | Entered Level 3 of the Crypt
 84092 | Crypt:3  | Identified the +0 battleaxe of the Hierophant {heavy, rC+
                  | rN+ Will- Str+3}
 84273 | Crypt:3  | Reached XP level 27. HP: 179/179 MP: 46/49
 84513 | Crypt:3  | Noticed Frederick
 84516 | Crypt:3  | Killed Frederick
 84895 | Crypt:3  | Found a staircase to the Tomb.
 85248 | Crypt:3  | Found an ancient bone altar of Kikubaaqudgha.
 85252 | Crypt:3  | Found a basalt altar of Yredelemnul.
 85253 | Crypt:3  | Found the +9 sword of Zonguldrok {reap}
 85264 | Crypt:3  | Identified the staff of cold "Music" {rElec rC+ rN+ MP+9}
 85314 | Crypt:3  | Identified the ring of Gaseil {rF- rC+ rN+ Str+2 Int+5}
 85314 | Crypt:3  | Identified the ring "Doovigh" {rElec rN+ Will+}
 85314 | Crypt:3  | Identified the ring "Vagaogasch" {rC+ rN+ Will+ Str-2
                  | Stlth+}
 85318 | Crypt:3  | Got the Discourse on Frozen Contaminants
 85755 | Orc:2    | Bought a scroll of magic mapping for 105 gold pieces
 85865 | D:14     | Bought 2 potions of curing for 228 gold pieces
 85865 | D:14     | Bought a shiny scale mail for 266 gold pieces
 85865 | D:14     | Bought a potion of curing for 114 gold pieces
 85865 | D:14     | Bought a glowing scale mail for 266 gold pieces
 86009 | D:7      | Bought the ring of Nimuivia {rF+ Will- EV+5 Int+3} for 781
                  | gold pieces
 86259 | Zot:1    | Entered Level 1 of the Realm of Zot
 86357 | Zot:1    | Identified the ring of the Morning {Ice +Blink}
 86357 | Zot:1    | Noticed Josephina
 86359 | Zot:1    | Killed Josephina
 86582 | Zot:1    | Noticed an orb of fire
 86587 | Zot:1    | Killed an orb of fire
 86597 | Zot:1    | Found the +4 dragonskin cloak
 86597 | Zot:1    | Noticed Tiamat
 86611 | Zot:1    | Killed Tiamat
 87689 | Zot:2    | You are sucked into a shaft and drop 1 floor!
 88644 | Zot:3    | Found a runed translucent gate.
 88644 | Zot:3    | Found a runed translucent gate.
 88644 | Zot:3    | Found a runed translucent gate.
 88645 | Zot:3    | Noticed Mikey69's ghost (legendary DsBe)
 89603 | Zot:4    | Found a runed translucent gate.
 89604 | Zot:4    | Found a runed translucent gate.
 89604 | Zot:4    | Found a runed translucent gate.
 89605 | Zot:4    | Found an opulent altar of Gozag.
 89605 | Zot:4    | Noticed Begrat's ghost (legendary TrBe)
 89608 | Zot:4    | Found Vayqotir's Assorted Antiques.
 89833 | Zot:5    | Entered Level 5 of the Realm of Zot
 90293 | Zot:5    | Noticed an ancient lich
 90295 | Zot:5    | Killed an ancient lich
 90384 | Zot:5    | Noticed a dread lich
 90387 | Zot:5    | Killed a dread lich
 90469 | Zot:5    | Noticed an orb of fire
 90477 | Zot:5    | Killed an orb of fire
 90504 | Zot:5    | Noticed an orb of fire
 90509 | Zot:5    | Gained mutation: You are strong-willed. (Will+) [an orb of
                  | fire]
 90517 | Zot:5    | Killed an orb of fire
 90543 | Zot:5    | Noticed an orb of fire
 90549 | Zot:5    | Gained mutation: You sometimes lose your temper in combat.
                  | [an orb of fire]
 90554 | Zot:5    | Killed an orb of fire
 90572 | Zot:5    | Lost mutation: You sometimes lose your temper in combat.
                  | [potion of mutation]
 90572 | Zot:5    | Lost mutation: You are strong-willed. (Will+) [potion of
                  | mutation]
 90572 | Zot:5    | Gained mutation: Your flesh is cold resistant. (rC+)
                  | [potion of mutation]
 90572 | Zot:5    | Gained mutation: You have hidden genetic defects. [potion
                  | of mutation]
 90572 | Zot:5    | Gained mutation: You are robust. (+10% HP) [potion of
                  | mutation]
 90597 | Zot:5    | Noticed an orb of fire
 90602 | Zot:5    | Noticed an orb of fire
 90606 | Zot:5    | Killed an orb of fire
 90611 | Zot:5    | Gained mutation: You are dopey. (Int -2) [an orb of fire]
 90613 | Zot:5    | Killed an orb of fire
 90649 | Zot:5    | Noticed a dread lich
 90651 | Zot:5    | Killed a dread lich
 90740 | Zot:5    | Lost mutation: You are robust. (+10% HP) [hidden defects]
 90836 | Zot:5    | Noticed a dread lich
 90838 | Zot:5    | Killed a dread lich
 90909 | Zot:5    | Noticed an orb of fire
 90912 | Zot:5    | Noticed an orb of fire
 90925 | Zot:5    | Noticed an ancient lich
 90928 | Zot:5    | Killed an ancient lich
 90979 | Zot:5    | Killed an orb of fire
 91047 | Zot:5    | Killed an orb of fire
 91137 | Zot:5    | Lost mutation: You have hidden genetic defects. [potion of
                  | mutation]
 91137 | Zot:5    | Lost mutation: Your flesh is cold resistant. (rC+) [potion
                  | of mutation]
 91137 | Zot:5    | Gained mutation: You have large cloven feet. [potion of
                  | mutation]
 91138 | Zot:5    | Lost mutation: You have large cloven feet. [potion of
                  | mutation]
 91138 | Zot:5    | Lost mutation: You are dopey. (Int -2) [potion of mutation]
 91138 | Zot:5    | Gained mutation: You occasionally lose the ability to drink
                  | potions when taking damage. [potion of mutation]
 91138 | Zot:5    | Gained mutation: You have large cloven feet. [potion of
                  | mutation]
 91138 | Zot:5    | Gained mutation: Your muscles are strong. (Str +4, Int/Dex
                  | -1) [potion of mutation]
 91138 | Zot:5    | Gained mutation: Your flesh is heat resistant. (rF+)
                  | [potion of mutation]
 91139 | Zot:5    | Lost mutation: Your muscles are strong. (Str +4, Int/Dex
                  | -1) [potion of mutation]
 91139 | Zot:5    | Lost mutation: Your flesh is heat resistant. (rF+) [potion
                  | of mutation]
 91139 | Zot:5    | Lost mutation: You occasionally lose the ability to drink
                  | potions when taking damage. [potion of mutation]
 91139 | Zot:5    | Gained mutation: You have a pair of small horns on your
                  | head. [potion of mutation]
 91139 | Zot:5    | Gained mutation: Your flesh is cold resistant. (rC+)
                  | [potion of mutation]
 91139 | Zot:5    | Gained mutation: You expend magic power (3 MP) to
                  | strengthen your wands. [potion of mutation]
 91140 | Zot:5    | Lost mutation: You have a pair of small horns on your head.
                  | [potion of mutation]
 91140 | Zot:5    | Lost mutation: You have large cloven feet. [potion of
                  | mutation]
 91140 | Zot:5    | Gained mutation: You passively map a small area around you.
                  | [potion of mutation]
 91140 | Zot:5    | Gained mutation: Your movements are slightly less
                  | encumbered by armour. (ER -2) [potion of mutation]
 91140 | Zot:5    | Gained mutation: Your magical capacity is low. (-10% MP)
                  | [potion of mutation]
 91140 | Zot:5    | Gained mutation: You have a pair of small horns on your
                  | head. [potion of mutation]
 91141 | Zot:5    | Lost mutation: Your movements are slightly less encumbered
                  | by armour. (ER -2) [potion of mutation]
 91141 | Zot:5    | Lost mutation: You expend magic power (3 MP) to strengthen
                  | your wands. [potion of mutation]
 91141 | Zot:5    | Lost mutation: You have a pair of small horns on your head.
                  | [potion of mutation]
 91141 | Zot:5    | Gained mutation: You are dopey. (Int -2) [potion of
                  | mutation]
 91142 | Zot:5    | Lost mutation: Your magical capacity is low. (-10% MP)
                  | [potion of mutation]
 91142 | Zot:5    | Lost mutation: Your flesh is cold resistant. (rC+) [potion
                  | of mutation]
 91142 | Zot:5    | Gained mutation: You are weak. (Str -2) [potion of
                  | mutation]
 91142 | Zot:5    | Gained mutation: You are agile. (Dex +4, Str/Int -1)
                  | [potion of mutation]
 91142 | Zot:5    | Gained mutation: Your spells are a little harder to cast,
                  | but a little more powerful. [potion of mutation]
 91149 | Zot:5    | Got the Orb of Zot
 91228 | Zot:4    | Noticed Foduatoikk the pandemonium lord
 91380 | Depths:2 | Noticed a seraph
 91388 | Depths:2 | Killed a seraph
 91439 | D:15     | Noticed Eliuto the pandemonium lord
 91452 | D:14     | Killed Eliuto the pandemonium lord
 91526 | D:10     | Noticed Fyliodira the pandemonium lord
 91702 | D:1      | Noticed a seraph
 91705 | D:1      | Killed a seraph
 91724 | D:$      | Escaped with the Orb!

Illustrated notes

Levels and vault maps discovered:
D:1:      lemuel_arrival_funnel, layout_basic, chequers_ecumenical_altar_simple
D:2:      layout_loops_cross, feat_on_display
D:3:      layout_rooms, palyth_stone_intersect, uniq_sigmund, uniq_jessica
D:4:      kennysheep_big_flooded_room, layout_rooms, enter_ossuary_3,
          minmay_rat_hole, uniq_menkaure
D:5:      layout_basic, serial_shops, nicolae_shop_stone, shop_coins,
          nicolae_shop_rolling_square, nicolae_eternal_life
D:6:      layout_basic, minitemple, serial_undead, serial_undead_c,
          serial_undead_c, serial_undead_d, serial_undead_c,
          gup_sewer_entry_glass
D:7:      layout_gridville, mainiacjoe_overflow_divided_tiny,
          minmay_temple_entry_butterflies, enter_bailey_4, dk_noncrumbling_3,
          nicolae_shop_unique_rings, minmay_shop_mayhem, uniq_pikel
D:8:      layout_basic, serial_shops, nicolae_shop_dealshenge,
          minmay_statues_item, minmay_checkerbox, uniq_erica, uniq_grum
D:9:      layout_loops_corners, serial_shops, shop
D:10:     layout_roguey, dpeg_oklobed_lair, uniq_fannar
D:11:     layout_roguey
D:12:     minmay_the_grid_square_5x5_5x5
          [minmay_the_grid_square_5x5_checkered_statues,
          minmay_the_grid_square_5x5_n,
          minmay_the_grid_square_5x5_checkered_sparse,
          minmay_the_grid_square_5x5_inner_v, minmay_the_grid_square_5x5_mess,
          minmay_the_grid_square_5x5_meh,
          minmay_the_grid_square_5x5_prize_rear_guard,
          minmay_the_grid_square_5x5_six, minmay_the_grid_square_5x5_prize_gold,
          minmay_the_grid_square_5x5_spiral, minmay_the_grid_square_5x5_bridge,
          minmay_the_grid_square_5x5_minibox,
          minmay_the_grid_square_5x5_prize_junk,
          minmay_the_grid_square_5x5_inner_z, minmay_the_grid_square_5x5_fat_x,
          minmay_the_grid_square_5x5_minivault,
          minmay_the_grid_square_5x5_prize_pseudospiral,
          minmay_the_grid_square_5x5_tetrominoes,
          minmay_the_grid_square_5x5_prize_snowflake,
          minmay_the_grid_square_5x5_intrusive_squares,
          minmay_the_grid_square_5x5_shuriken,
          minmay_the_grid_square_5x5_longway,
          minmay_the_grid_square_5x5_three_small,
          minmay_the_grid_square_5x5_three,
          minmay_the_grid_square_5x5_beaten_path], layout_small_grid,
          minmay_increasing_density
D:13:     layout_loops_ring, david_vaults_1, dreamdust_wishing_well, drop_trap,
          kennysheep_generic_room_4
D:14:     layout_grid_maze, serial_shops, shop, minmay_misc_feat_four_crosses,
          enter_trove_5, lightli_airlock
D:15:     hangedman_depths_entry_civil_slaughter, layout_loops_ring,
          serial_park_square2, einodemon_armed_red_devil_minivault
Lair:1:   layout_regular_city, gammafunk_ghost_cemetery,
          infiniplex_staircase_pool, grunt_megastairs_3
Lair:2:   layout_regular_city, swamp_mist, chequers_serial_rivers_room_b,
          pdpol_lair_neglected_garden, uniq_sonja
Lair:3:   layout_cave_pods, nicolae_spider_entry_non_spiders, uniq_kirke
Lair:4:   layout_long_grid, wad_woods_road_02, lemuel_fruit_tree
Lair:5:   cheibrodos_lair_end_hotspot, layout_regular_city,
          minmay_slime_entry_jelly_boxes
Swamp:1:  layout_basic_swamp, evilmike_swamp_ruin_rubble_1,
          infiniplex_staircase_pool_2
Swamp:2:  cheibrodos_swamp_mausoleum, layout_falls_marsh,
          evilmike_swamp_ruin_house_3
Swamp:3:  layout_basic_swamp, nicolae_swamp_big_swirl, uniq_donald
Swamp:4:  swamp_vile, layout_basic_swamp, uniq_bai_suzhen
Spider:1: lemuel_spider_zombies
Spider:2: layout_spider_delve, nicolae_spider_nooks_and_crannies, uniq_mlioglotl
Spider:3: layout_spider_delve, portal_ice_cave_entry_pillars_1,
          nicolae_spider_baby_got_redback
Spider:4: spider_rune_water, spiders_nest_hornet_nest
Slime:1:  layout_caves, nicolae_slime_phagocytosis
Slime:2:  layout_caves
Slime:3:  layout_caves
Slime:4:  layout_caves
Slime:5
Orc:1:    giant_chief_lemuel, layout_diamond_mine, uniq_erolcha
Orc:2:    st_orc_mages, layout_diamond_mine, serial_shops, shop, uniq_nessos
Elf:1:    layout_loops_corners, serial_shops, shop,
          hangedman_elven_crosses_minicolossus
Elf:2:    elven_hall_of_blades_hangedman_alternative
          [nicolae_blade_entry_splitting_headache], layout_onion_city,
          nicolae_nh_oracle_at_delphi, uniq_aizul, uniq_azrael
Elf:3:    minmay_elf_hall_circle, layout_onion_city, uniq_roxanne
Vaults:1: v_misc_33, hangedman_vaults_corner_blocks,
          nicolae_vaults_doubleplus_tesselated,
          hangedman_vaults_stretched_pinwheel, vaults_dpeg_emergency_exit,
          layout_vaults_chaotic_city
Vaults:2: nicolae_vaults_big_ls, nicolae_vaults_stairing_the_circle, v_misc_9,
          st_more_cells, nicolae_vaults_network_s, nicolae_vaults_two_Ls,
          vaults_room_grunt_arrival_ludios, nicolae_vaults_more_shelving_2,
          nicolae_vaults_tetromino_T_2, nicolae_vaults_trapezoid_2,
          nicolae_vaults_tetromino_L_1, layout_vaults_ring, uniq_boris
Vaults:3: v_rooms_5, minmay_crypt_entry_simple_round, nicolae_vaults_cochlea,
          ontoclasm_vaults_tryst, nicolae_vaults_network_periphery,
          nicolae_vaults_tetromino_L_2, nicolae_vaults_taking_the_gang_shopping,
          v_misc_13, ontoclasm_vaults_ligature, hangedman_vaults_trim,
          nicolae_vaults_storing_the_good_stuff, vaults_room_corners,
          vaults_dpeg_hooks, layout_vaults_omnicross
Vaults:4: mu_enter_wizlab_6, nicolae_vaults_diamond_1, v_pattern_4, v_misc_11,
          vaults_room_pool, nicolae_vaults_storage_closets_1,
          ontoclasm_vaults_ring_large, nicolae_vaults_sealed_display,
          vaults_dpeg_diagonal, layout_vaults_quadrants
Vaults:5: uniq_mara
Crypt:1:  layout_misc_corridors, grunt_crypt_arrival_guarded_gate
Crypt:2:  layout_misc_corridors
Crypt:3:  lightli_unholy_cathedral, layout_chaotic_city,
          tomb_entry_simple_bobbens, uniq_frederick
Depths:1: layout_gridlike, moated_statue, hell_entry,
          chequers_serial_rivers_room_b, minmay_starry_boxes
Depths:2: minmay_shrinking_squares, layout_cave_pools, rand_demon_pan_entry_7,
          serial_glass, glass_columns_a, glass_columns_b, hell_entry,
          chequers_serial_rivers_large_a
Depths:3: box_level_dp, pan_entry, abyss_entry, hell_entry
Depths:4: evilmike_zot_entry_argh, layout_honeycomb, hellmouth_3,
          grunt_pan_entry_in_and_out, serial_bayou_pond_d,
          hangedman_summoners_spam, minmay_shop_grove
Zot:1:    grunt_zot_stairs_mandelzot, layout_misc_corridors, uniq_josephina,
          uniq_tiamat
Zot:2:    layout_basic
Zot:3:    layout_onion_interference, gammafunk_ghost_ooze,
          hangedman_zot_wheel_spokes, uniq_grunn
Zot:4:    layout_cellular_growth, ebering_ghost_gozag, guppyfry_library_mini
Zot:5:    layout_onion, drop_trap, grunt_ministairs_14

Skill      XL: |  1  2  3  4  5  6  7  8  9 10 11 12 13 14 15 16 17 18 19 20 21 22 23 24 25 26 27 |
---------------+----------------------------------------------------------------------------------+-----
Fighting       | 1 2 3 4 6 7 8 9 10 11 12 13 15 16 17 18 19 20 22 | 22.5
Conjurations   | 5 6 8 9 10 11 12 14 17 19 20 21 23 | 23.3
Spellcasting   | 3 4 5 7 9 10 12 13 14 15 17 18 19 20 21 22 24 | 24.5
Translocations | 1 2 3 4 5 |  5.0
Hexes          | 3 4 |  4.0
Fire Magic     | 3 4 6 10 14 17 18 20 21 22 24 | 24.7
Armour         | 4 6 8 10 | 10.0
Poison Magic   | 4 6 7 8 |  8.0
Earth Magic    | 4 8 10 12 13 14 15 17 18 19 21 23 | 23.7
Shields        | 5 6 |  6.6
Dodging        | |  1.5
Stealth        | |  2.1

Action                     |  1- 3 |  4- 6 |  7- 9 | 10-12 | 13-15 | 16-18 | 19-21 | 22-24 | 25-27 || total
---------------------------+-------+-------+-------+-------+-------+-------+-------+-------+-------++-------
  Melee: Short sword       |     2 |       |       |       |       |    20 |     4 |       |     9 ||    35
         Dagger            |    11 |    11 |     1 |    16 |    20 |    23 |       |       |       ||    82
         Punch             |       |     1 |       |       |       |       |       |       |       ||     1
         Rapier            |       |       |       |       |       |    35 |       |       |       ||    35
   Fire: Sling             |       |       |    18 |   137 |       |     2 |       |       |       ||   157
  Throw: Stone             |     6 |     8 |    39 |     1 |       |       |       |       |       ||    54
         Dart              |       |    10 |    15 |     4 |     3 |       |       |       |       ||    32
   Cast: Magic Dart        |    59 |    51 |   144 |    31 |   164 |    33 |       |       |       ||   482
         Searing Ray       |     4 |    12 |    61 |    14 |     4 |     3 |       |       |       ||    98
         Iskenderun's Myst |       |       |     9 |   138 |   141 |    82 |    46 |    24 |    51 ||   491
         Fulminant Prism   |       |       |     2 |    82 |    80 |    17 |     1 |       |       ||   182
         Scorch            |       |       |       |    63 |    20 |     6 |       |       |       ||    89
         Olgreb's Toxic Ra |       |       |       |    34 |   151 |   282 |   146 |    69 |     1 ||   683
         Stone Arrow       |       |       |       |     6 |   124 |    32 |    31 |     1 |       ||   194
         Iron Shot         |       |       |       |       |    70 |   144 |   137 |   125 |   150 ||   626
         Starburst         |       |       |       |       |    19 |    31 |       |       |       ||    50
         Ozocubu's Armour  |       |       |       |       |     4 |       |       |       |       ||     4
         Passage of Golubr |       |       |       |       |     5 |     3 |     4 |       |     2 ||    14
         Lee's Rapid Decon |       |       |       |       |       |    79 |    52 |    57 |    12 ||   200
         Ignite Poison     |       |       |       |       |       |   127 |   169 |    83 |     1 ||   380
         Fireball          |       |       |       |       |       |    38 |   114 |    19 |    17 ||   188
         Ignition          |       |       |       |       |       |    20 |    86 |     7 |    44 ||   157
         Fire Storm        |       |       |       |       |       |       |       |   235 |   458 ||   693
         Shatter           |       |       |       |       |       |       |       |       |    22 ||    22
  Evoke: Wand              |       |     3 |     1 |    15 |     5 |    10 |     9 |       |       ||    43
         Lightning rod     |       |       |       |       |       |     9 |       |       |       ||     9
         Box of beasts     |       |       |       |       |       |     1 |       |       |       ||     1
         Phial of floods   |       |       |       |       |       |     1 |       |       |       ||     1
         Phantom mirror    |       |       |       |       |       |       |     1 |       |       ||     1
    Use: Scroll            |       |     3 |     3 |    20 |    19 |    12 |     4 |     9 |    19 ||    89
         Potion            |       |     1 |     1 |     5 |     9 |     4 |     4 |       |    28 ||    52
   Stab: Sleeping          |     2 |     6 |       |     1 |       |       |       |       |       ||     9
 Armour: Robe              |     9 |     9 |    31 |    68 |     3 |   168 |    85 |    39 |    61 ||   473
         Ring mail         |       |       |       |       |   155 |    31 |       |       |       ||   186
  Dodge: Dodged            |    27 |    19 |    44 |    86 |   116 |   150 |    76 |    35 |    34 ||   587
  Block: Buckler           |       |       |       |       |     3 |   103 |    45 |    17 |    16 ||   184
